 Dungeon Crawl Stone Soup version 0.29-a0-529-gfa20dd96a1 (webtiles) character file.

Game seed: 15418445633872516884

72 dolemite99 the Digger (level 4, -4/26 (33) HPs)
             Began as a Meteoran Earth Elementalist on June 2, 2022.
             Slain by an orc
             ... wielding a +0 falchion
              (5 damage)
             ... on level 3 of the Dungeon.
             The game lasted 00:02:27 (1211 turns).

dolemite99 the Digger (Meteoran Earth Elementalist) Turns: 1211, Time: 00:02:28

HP:   -4/26 (33)    AC:  2    Str: 10    XL:     4   Next: 77%
MP:   0/9           EV: 12    Int: 18    God:
Gold: 48            SH:  0    Dex: 14    Spells: 7/8 levels left

rFire   . . .      SeeInvis .   i - +0 hand axe
rCold   . . .      Faith    .   (no shield)
rNeg    . . .      Spirit   .   b - +0 robe
rPois   .          Reflect  .   (no helmet)
rElec   .          Harm     .   (no cloak)
rCorr   .          Rampage  .   (no gloves)
Will    .....                   (no boots)
Stlth   +.........              (no amulet)
HPRegen 0.08/turn               (no ring)
MPRegen 0.11/turn               (no ring)

@: lethally poisoned (-4 -> -5), glowing, heavily drained
A: sense surroundings 1, otherworldly, glowing, explore regen
a: no special abilities


You were on level 3 of the Dungeon.
You visited 1 branch of the dungeon, and saw 3 of its levels.

You collected 48 gold pieces.

Inventory:

Hand Weapons
 i - a +0 hand axe (weapon)
Missiles
 a - 7 stones
Armour
 b - a +0 robe (worn)
 h - an orb of wrath
Scrolls
 e - a scroll of identify {unknown}
 f - a scroll of summoning {unknown}
 j - a scroll of brand weapon {unknown}
 k - a scroll of teleportation {unknown}
Potions
 c - a potion of magic
 d - 2 potions of attraction {unknown}
 g - a potion of curing {unknown}
 l - a potion of cancellation {unknown}


   Skills:
 - Level 2.4 Dodging
 - Level 1.4 Stealth
 - Level 2.6 Spellcasting
 - Level 1.2 Transmutations
 + Level 6.0 Earth Magic


You had 7 spell levels left.
You knew the following spells:

 Your Spells              Type           Power      Damage    Failure   Level
a - Sandblast             Erth           48%        2d12      1%          1

Your spell library contained the following spells:

 Spells                   Type           Power      Damage    Failure   Level
 Passwall                 Tmut/Erth      12%        N/A       6%          2
 Stone Arrow              Conj/Erth      26%        3d8       14%         3
 Petrify                  Tmut/Erth      15%        N/A       36%         4
 Animate Armour           Summ/Erth      26%        N/A       43%         4
 Blade Hands              Tmut           3%         N/A       96%         5
 Iron Shot                Conj/Erth      6%         9d2       100%        6


Dungeon Overview and Level Annotations

Branches:
Dungeon (3/15)

Altars:
Ashenzari


Innate Abilities, Weirdness & Mutations

You passively map a small area around you.
You are easily found by Zot.
You glow in the dark.
You regain HP and MP as you explore.


Message History

The adder bites you.
You are poisoned.
The adder poisons you! The frilled lizard barely misses you.
Casting: Sandblast (safe; 1% risk of failure)
Confirm with . or Enter, or press ? or * to list all spells.
Aiming: Sandblast (safe; 1% risk of failure)
Press: ? - help, Shift-Dir - straight line, f - adder, p - worm
Aim: an adder (severely wounded, 68% to hit)
The blast of sand misses the adder.
The blast of sand misses the worm.
You feel sick. The adder barely misses you. The adder bites you.
The frilled lizard bites you.
Casting: Sandblast (safe; 1% risk of failure)
Confirm with . or Enter, or press ? or * to list all spells.
Aiming: Sandblast (safe; 1% risk of failure)
Press: ? - help, Shift-Dir - straight line, f/p - adder
Aim: an adder (severely wounded, 68% to hit)
The blast of sand hits the adder!
You kill the adder!
You feel sick. The frilled lizard closely misses you.
Your Earth Magic skill increases to level 6!
You can't go up here!
Unknown command.
Casting: Sandblast (safe; 1% risk of failure)
Confirm with . or Enter, or press ? or * to list all spells.
Aiming: Sandblast (safe; 1% risk of failure)
Press: ? - help, Shift-Dir - straight line, f - frilled lizard
Aim: a frilled lizard (68% to hit)
The blast of sand hits the frilled lizard!
You kill the frilled lizard!
You feel sick. The orc hits you with a +0 falchion.
* * * LOW HITPOINT WARNING * * *
Casting: Sandblast (safe; 1% risk of failure)
Confirm with . or Enter, or press ? or * to list all spells.
Aiming: Sandblast (safe; 1% risk of failure)
Press: ? - help, Shift-Dir - straight line, f - orc
Aim: an orc, wielding a +0 falchion and wearing a +0 scale mail (83% to hit)
The blast of sand misses the orc.
* * * LOW HITPOINT WARNING * * *
You feel sick. The worm barely misses you. The orc hits you with a +0 falchion.
You die...

, * , * * , *
, ,, ,,, ,, ,
, ,, , * ,, ,
######## ,.
#......##....
*
#....@o))....
, *
#....w.######
*#......#
#......# * *
, ......... *
_..####..PP ,
, ... .....
,, , ..
...... ,


You could see a worm and an orc.

Vanquished Creatures
  2 gnolls (D:3)
  2 adders
  A worm (D:2)
  2 dart slugs
  3 bats
  4 endoplasms
  A giant cockroach (D:1)
  3 goblins
  4 jackals (D:2)
  A quokka (D:2)
  2 ball pythons
  A frilled lizard (D:3)
  2 rats (D:2)
28 creatures vanquished.

Notes
Turn   | Place    | Note
-------+----------+-------------------------------------------
     0 | D:1      | dolemite99 the Meteoran Earth Elementalist began the quest
                  | for the Orb.
     0 | D:1      | Reached XP level 1. HP: 14/14 MP: 5/5
   122 | D:1      | Reached skill level 4 in Earth Magic
   375 | D:1      | Reached XP level 2. HP: 20/20 MP: 4/6
   500 | D:1      | Glimpsed the power of Zot.
   767 | D:2      | Reached XP level 3. HP: 22/26 MP: 4/8
   924 | D:2      | Reached skill level 5 in Earth Magic
  1045 | D:1      | Reached XP level 4. HP: 33/33 MP: 7/9
  1099 | D:1      | Glimpsed the power of Zot.
  1148 | D:2      | Glimpsed the power of Zot.
  1188 | D:2      | Glimpsed the power of Zot.
  1197 | D:2      | Glimpsed the power of Zot.
  1198 | D:2      | Touched by the power of Zot.
  1201 | D:3      | Found a broken altar of Ashenzari.
  1210 | D:3      | Reached skill level 6 in Earth Magic
  1210 | D:3      | HP: 1/26 [orc/+0 falchion (5)]
  1211 | D:3      | Slain by an orc

Illustrated notes

Levels and vault maps discovered:
D:1:      psy_arrival_terrarium, layout_basic
D:2:      layout_basic, minmay_misc_feat_ornament
D:3:      layout_basic, mainiacjoe_overflow_boulevard,
          chequers_ecumenical_altar_twisty, minmay_strange_pillars, uniq_jessica

Skill      XL: |  1  2  3  4 |
---------------+-------------+-----
Earth Magic    | 4 5 6 |  6.0
Dodging        | |  2.4
Stealth        | |  1.4
Spellcasting   | |  2.6
Transmutations | |  1.2

Action                   |  1- 3 |  4- 6 || total
-------------------------+-------+-------++-------
Melee: Hand axe          |     6 |       ||     6
 Cast: Sandblast         |    31 |    14 ||    45
Armor: Robe              |     4 |     2 ||     6
Dodge: Dodged            |    14 |     7 ||    21

Table legend: (Time is in decaauts)
 A = Elapsed time spent in this place.
 B = Non-inter-level travel time spent in this place.
 C = Inter-level travel time spent in this place.
 D = Time resting spent in this place.
 E = Time spent auto-exploring this place.
 F = Levels seen in this place.
 G = Mean time per level.
                   A        B        C        D        E       F      G
               +--------+--------+--------+--------+--------+-----+--------+
         Total |   1211 |   1133 |     78 |      0 |    878 |   3 |  403.7 |
       Dungeon |   1211 |   1133 |     78 |      0 |    878 |   3 |  403.7 |
               +--------+--------+--------+--------+--------+-----+--------+

Top non-repeatable levels by time:
     D:1: 647 daAuts
     D:2: 554 daAuts
     D:3: 9 daAuts
